 Dungeon Crawl Stone Soup version 0.31-a0-229-g1fc7ce93e2 (webtiles) character file.

Game seed: 12852552252476273860

41 qw the Shooter (level 3, -2/21 HPs)
             Began as a Gargoyle Hexslinger on July 6, 2023.
             Slain by an adder (3 damage)
             ... on level 1 of the Dungeon.
             The game lasted 00:00:28 (814 turns).

qw the Shooter (Gargoyle Hexslinger)                 Turns: 814, Time: 00:00:28

Health: -2/21      AC:  6    Str: 11    XL:     3   Next: 52%
Magic:  4/4        EV: 12    Int: 13    God:
Gold:   23         SH:  0    Dex: 14    Spells: 3/4 levels left

rFire   . . .        Y - +1 sling
rCold   . . .        (no shield)
rNeg    + . .        c - +0 robe
rPois   inf          (no helmet)
rElec   +            (no cloak)
rCorr   .            h - +0 pair of gloves
SInv    .            (no boots)
Will    .....        (no amulet)
Stlth   +            (no ring)
HPRegen 0.23/turn    (no ring)
MPRegen 0.09/turn

%: no passive effects
@: no status effects
A: sickness immunity, AC +3, negative energy resistance 1, electricity
resistance, torment resistance 1, petrification resistance
a: no special abilities


You were on level 1 of the Dungeon.
You visited 1 branch of the dungeon, and saw 2 of its levels.

You collected 23 gold pieces.


Innate Abilities, Weirdness & Mutations

You are immune to sickness and miasma.
Your stone body is resilient. (AC +3)
You are immune to poison.
You resist negative energy. (rN+)
You are resistant to electric shocks. (rElec)
You are resistant to unholy torment.
You are immune to petrification.


   Skills:
 - Level 2.0 Fighting
 + Level 3.4 Ranged Weapons
 - Level 1.5 Dodging
 - Level 1.0 Spellcasting
 - Level 2.6 Hexes


You had 3 spell levels left.
You knew the following spells:

 Your Spells              Type           Power      Damage    Failure   Level
a - Slow                  Hex            28%        N/A       10%         1

Your spell library contained the following spells:

 Spells                   Type           Power      Damage    Failure   Level
 Inner Flame              Hex/Fire       4%         N/A       43%         3
 Portal Projectile        Hex/Tloc       8%         N/A       43%         3
 Cause Fear               Hex            3%         N/A       67%         4

Inventory:

Hand Weapons
 Y - a +1 sling (weapon)
Armour
 c - a +0 robe (worn)
 h - a +0 pair of gloves (worn)
Potions
 g - a potion of curing {unknown}

Dungeon Overview and Level Annotations

Branches:
Dungeon (2/15)

Altars:

Annotations:
D:2 Robin


Message History

A hobgoblin comes into view.
The adder closely misses you. The adder barely misses you.
806 ||| STAIRDANCE The hobgoblin shouts!
The adder bites you but does no damage. The frilled lizard closely misses you.
The goblin barely misses you. The adder closely misses you.
You climb upwards.
There is a stone staircase leading down here.
You shoot a sling bullet.
The sling bullet barely misses the adder.
The adder closely misses you. The adder bites you but does no damage.
The goblin hits you with a +0 club. The frilled lizard barely misses you.
The adder barely misses you. The adder closely misses you.
You shoot a sling bullet. The sling bullet hits the adder.
The adder is almost dead.
The frilled lizard barely misses you. The goblin hits you but does no damage.
The adder bites you but does no damage. The adder closely misses you.
The frilled lizard bites you but does no damage.
The goblin hits you with a +0 club.
You shoot a sling bullet. The sling bullet hits the adder.
You kill the adder!
The adder bites you but does no damage. The goblin barely misses you.
The frilled lizard barely misses you. The adder bites you.
You shoot a sling bullet.
The sling bullet closely misses the adder.
The adder bites you. The goblin hits you but does no damage.
The frilled lizard bites you.
You shoot a sling bullet. The sling bullet hits the adder.
The adder is lightly wounded.
The adder barely misses you. The goblin hits you with a +0 club.
The frilled lizard barely misses you. The adder barely misses you.
You shoot a sling bullet.
The sling bullet completely misses the adder.
The adder barely misses you. The goblin hits you but does no damage.
The frilled lizard bites you but does no damage.
The adder bites you. The goblin hits you but does no damage.
The frilled lizard closely misses you.
You shoot a sling bullet. The sling bullet misses the adder.
The adder bites you.
You die...

.....).####.## ###%#
####.#.# #.##### ##.##
####.#.# #.....######...#
..#..#.# #####..........#
#.#.##.# #..#####...#
#.#.##.# #..# ##.##
#.#.##.# #..# #.#
.......########S%# #.#
#..............l@# #.#
........########g######.#
###.###.................#
#.############.########
#..............#
################


You could see an adder, a goblin and a frilled lizard.

Vanquished Creatures
  An adder (D:1)
  2 dart slugs (D:1)
  2 bats (D:1)
  2 endoplasms (D:1)
  A giant cockroach (D:1)
  A goblin (D:1)
  A hobgoblin (D:1)
  7 kobolds (D:1)
  4 ball pythons (D:1)
  5 frilled lizards (D:1)
  3 rats (D:1)
29 creatures vanquished.

Notes
Turn   | Place    | Note
-------+----------+-------------------------------------------
     0 | D:1      | qw the Gargoyle Hexslinger began the quest for the Orb.
     0 | D:1      | Reached XP level 1. HP: 12/12 MP: 2/2
     0 | D:1      | 0 ||| qw: Version: 0.3-a-46-gb1f654a
     0 | D:1      | 0 ||| qw: Game counter: 1570
     0 | D:1      | 0 ||| qw: Melee chars always use a shield: true
     0 | D:1      | 0 ||| qw: God list: Okawaru
     0 | D:1      | 0 ||| qw: Allow faded altars: false
     0 | D:1      | 0 ||| qw: Do Orc after clearing Dungeon:15 true
     0 | D:1      | 0 ||| qw: Do second Lair branch before Depths: true
     0 | D:1      | 0 ||| qw: Lair rune preference: random
     0 | D:1      | 0 ||| qw: Goals: Normal
     0 | D:1      | 0 ||| PLANNING D:1-11
    50 | D:1      | 50 ||| FLEEEEING.
    56 | D:1      | 56 ||| FLEEEEING.
    71 | D:1      | Reached XP level 2. HP: 15/16 MP: 3/3
   120 | D:1      | Reached skill level 3 in Ranged Weapons
   377 | D:1      | Reached XP level 3. HP: 21/21 MP: 4/4
   491 | D:1      | 491 ||| Stepping ~*~*~tactically~*~*~ (outnumbered).
   493 | D:1      | 493 ||| Stepping ~*~*~tactically~*~*~ (outnumbered).
   496 | D:1      | 496 ||| Stepping ~*~*~tactically~*~*~ (outnumbered).
   528 | D:1      | 528 ||| FLEEEEING.
   529 | D:1      | 529 ||| FLEEEEING.
   530 | D:1      | 530 ||| FLEEEEING.
   531 | D:1      | 531 ||| FLEEEEING.
   532 | D:1      | 532 ||| FLEEEEING.
   533 | D:1      | 533 ||| FLEEEEING.
   534 | D:1      | 534 ||| FLEEEEING.
   535 | D:1      | 535 ||| FLEEEEING.
   536 | D:1      | 536 ||| FLEEEEING.
   537 | D:1      | 537 ||| FLEEEEING.
   538 | D:1      | 538 ||| FLEEEEING.
   539 | D:1      | 539 ||| FLEEEEING.
   540 | D:1      | 540 ||| FLEEEEING.
   541 | D:1      | 541 ||| FLEEEEING.
   542 | D:1      | 542 ||| FLEEEEING.
   543 | D:1      | 543 ||| FLEEEEING.
   544 | D:1      | 544 ||| FLEEEEING.
   545 | D:1      | 545 ||| FLEEEEING.
   546 | D:1      | 546 ||| FLEEEEING.
   547 | D:1      | 547 ||| FLEEEEING.
   548 | D:1      | 548 ||| FLEEEEING.
   549 | D:1      | 549 ||| FLEEEEING.
   783 | D:1      | 783 ||| UPGRADING to +0 pair of gloves.
   788 | D:1      | 788 ||| READING scroll labelled QYURAS PAWAPTI.
   789 | D:1      | 789 ||| READING scroll labelled UWOPHO DUENIPT.
   790 | D:1      | 790 ||| READING scroll labelled KAUDASHULUTZ.
   791 | D:1      | 791 ||| READING scroll labelled ANGOGH XIYLIUGH.
   792 | D:1      | 792 ||| DROPPING scroll of poison.
   804 | D:2      | Identified the +0 helmet "Xeifeg" {Will+ Regen+}
   804 | D:2      | Noticed Robin
   806 | D:2      | 806 ||| STAIRDANCE
   812 | D:1      | HP: 3/21 [goblin/+0 club[Robin] (4)]
   813 | D:1      | HP: 1/21 [adder (3)]
   814 | D:1      | Slain by an adder

Levels and vault maps discovered:
D:1:      giann_horns, layout_loops_ring, hangedman_decor_clover_reticule,
          lexackson_kobold_supper
D:2:      layout_rooms, uniq_robin

Skill      XL: |  1  2 |
---------------+-------+-----
Ranged Weapons | 3 |  3.4
Fighting       | 2 |  2.0
Dodging        | |  1.5
Spellcasting   | |  1.0
Hexes          | |  2.6

Action                     || total
---------------------------++-------
   Fire: Sling             ||    98
    Use: Scroll            ||     4
 Armour: Robe              ||    36
  Dodge: Dodged            ||    51

Table legend:
 A = Non-vault XP
 B = Vault XP
 C = Vault XP percentage of total XP
 D = Non-vault monster count
 E = Vault monster count
 F = Vault count percentage of total count
                 A         B        C        D         E       F
            +---------+---------+-------+---------+---------+-------
      Total |      48 |      11 |  18.6 |      21 |       8 |  27.6
            +---------+---------+-------+---------+---------+-------
        D:1 |      48 |      11 |  18.6 |      21 |       8 |  27.6
            +---------+---------+-------+---------+---------+-------
